 Dungeon Crawl Stone Soup version 0.31-a0-986-g5e6e4ef867 (webtiles) character file.

Game seed: 16626618292814614052

275 LeprechaunX the Changeling (level 6, -8/61 HPs)
             Began as an Octopode Shapeshifter on Nov 6, 2023.
             Killed from afar by an orc wizard (9 damage)
             ... with a magic dart
             ... on level 4 of the Dungeon.
             The game lasted 00:03:08 (2801 turns).

LeprechaunX the Changeling (Octopode Shapeshifter)  Turns: 2801, Time: 00:03:09

Health: -8/61      AC:  1    Str: 13    XL:     6   Next: 25%
Magic:  15/15      EV: 13    Int: 12    God:
Gold:   240        SH:  0    Dex: 14    Spells: 5/5 levels left

rFire   . .          .
                       - Unarmed
rCold   . . .        (no shield)
rNeg    . . .        (helmet currently unavailable)
rPois   .            (no amulet)
rElec   .            f - ring of magical power
rCorr   .            (no ring)
SInv    .            (no ring)
Will    .....        (no ring) Stlth
                     (no ring)
HPRegen 0.30/turn    (no ring)
MPRegen 0.14/turn    (no ring)
                     (no ring)

%: no passive effects
@: berserking (expiring), lethally poisoned (-8 -> -10), beast-form, very quick
A: beast (slay +2), almost no armour, amphibious, 8 rings, camouflage 1,
gelatinous body 1, (nimble swimmer 1), tentacles
a: Begin Untransformation


You were on level 4 of the Dungeon.
You were a hulking beast.
You visited 1 branch of the dungeon, and saw 4 of its levels.

You collected 240 gold pieces.

Inventory:

Hand Weapons
 r - a +0 sling
Missiles
 g - 4 poisoned darts
 t - 3 silver javelins (quivered)
 v - a boomerang
Jewellery
 f - a ring of magical power (left tentacle)
Talismans
 b - a beast talisman
 c - a flux talisman
Wands
 h - a wand of flame (2)
Scrolls
 e - 3 scrolls of teleportation {unknown}
 j - a scroll of revelation {unknown}
 k - 2 scrolls of enchant weapon {unknown}
 m - 4 scrolls of identify {unknown}
 n - a scroll of vulnerability {unknown}
 o - a scroll of acquirement {unknown}
 q - a scroll of immolation {unknown}
 u - a scroll of fog {unknown}
Potions
 a - a potion of lignification
 d - a potion of berserk rage
 l - 2 potions of invisibility {unknown}
 p - a potion of haste {unknown}
 s - 4 potions of curing {unknown}


   Skills:
 + Level 2.7 Fighting
 + Level 2.1 Throwing
 - Level 2.0 Dodging
 + Level 4.0 Unarmed Combat
 * Level 4.7 Shapeshifting


You had 5 spell levels left.
You didn't know any spells.
Your spell library was empty.

Dungeon Overview and Level Annotations

Branches:
Dungeon (4/15)
 Temple: D:4-7

Altars:
Elyvilon
Makhleb
Trog
Xom
Zin


Innate Abilities, Weirdness & Mutations

You are a hulking beast.
Your limbs bulge with bestial killing power. (Slay +2)
You cannot wear most types of armour.
You are amphibious.
You can wear up to eight rings at the same time.
Your skin changes colour to match your surroundings (Stealth+).
Your rubbery body absorbs attacks. (AC +1, EV +1)
((You are camouflaged when in or above water. (Stealth+)))
You have tentacles for arms and can constrict up to eight enemies at once.


Message History

The silver javelin pierces through the quokka!
You kill the quokka!
The silver javelin pierces through the orc!
You kill the orc!
You feel extremely sick.
Your Throwing skill increases to level 2!
Your Unarmed Combat skill increases to level 4!
You have reached level 6!
* * * LOW HITPOINT WARNING * * *
You feel very sick.
You hear some strange, mumbled words.
You are confused.
* * * LOW HITPOINT WARNING * * *
You feel very sick.
You bump into the rock wall.
* * * LOW HITPOINT WARNING * * *
You feel sick.
* * * LOW HITPOINT WARNING * * *
You feel sick.
* * * LOW HITPOINT WARNING * * *
You feel sick.
It was a potion of berserk rage.
A red film seems to cover your vision as you go berserk!
You feel yourself moving faster!
You feel mighty!
You feel sick.
Unknown command.
You are too berserk!
Unknown command.
You're too confused to move!
You feel a strong urge to attack something.
You feel sick.
You bump into the rock wall.
You feel less confused.
You feel sick.
You feel your anger nearly subside. The orc hits you with a +0 dagger.
* * * LOW HITPOINT WARNING * * *
You hear some strange, mumbled words.
A magic dart appears from out of thin air!
The magic dart hits you!
You die...

##o.#.+ #.........#
#..### #.........# #..#
####..>......# #..#
#............# #o#######
#............#
#>.o†...###............#
#######o##.............#
#o##.............#
#h##.#....)##+####
#{...#.###....# ######.#
###### #.###.# #.....#
#####.# #.# #<# ###


You could see 2 orcs.

Vanquished Creatures
  A scorpion (D:4)
  A hound (D:4)
  An orc priest (D:3)
  Jessica (D:2)
  An orc wizard (D:3)
  2 adders
  A worm (D:2)
  A dart slug (D:1)
  12 orcs
  4 endoplasms
  3 giant cockroaches
  3 goblins
  8 hobgoblins
  7 jackals
  3 quokkas
  4 ball pythons
  3 bats
  3 frilled lizards
  5 kobolds
  6 rats
70 creatures vanquished.

Notes
Turn   | Place    | Note
-------+----------+-------------------------------------------
     0 | D:1      | LeprechaunX the Octopode Shapeshifter began the quest for
                  | the Orb.
     0 | D:1      | Reached XP level 1. HP: 13/13 MP: 1/1
    79 | D:1      | Reached XP level 2. HP: 15/18 MP: 2/2
  1036 | D:2      | Noticed Jessica
  1039 | D:2      | Killed Jessica
  1040 | D:2      | Reached XP level 3. HP: 24/24 MP: 3/3
  1096 | D:2      | Reached XP level 4. HP: 27/29 MP: 4/4
  1444 | D:2      | Reached skill level 1 in Throwing
  1889 | D:3      | Found a burning altar of Makhleb.
  1889 | D:3      | Found a bloodstained altar of Trog.
  1896 | D:3      | Found a white marble altar of Elyvilon.
  1898 | D:3      | Found a glowing silver altar of Zin.
  1899 | D:3      | Found a shimmering altar of Xom.
  2097 | D:3      | HP: 1/29 [orc/+0 hand axe (2)]
  2217 | D:3      | Reached XP level 5. HP: 29/34 MP: 5/5
  2793 | D:4      | Reached XP level 6. HP: 16/41 MP: 6/6
  2801 | D:4      | HP: 1/61 [orc/+0 dagger (3)]
  2801 | D:4      | Killed from afar by an orc wizard

Illustrated notes

Levels and vault maps discovered:
D:1:      dpeg_cavernosity, layout_basic
D:2:      layout_loops_cross, uniq_jessica
D:3:      layout_basic, chequers_temple_overflow_minitemple
D:4:      layout_basic, nicolae_wu_jian_immortal_techniques,
          minmay_temple_entry_enclosed_plants, kennysheep_generic_room_11

Skill      XL: |  1  2  3  4  5 |
---------------+----------------+-----
Throwing       | 1 2 |  2.1
Fighting       | 2 |  2.7
Shapeshifting  | 4 |  4.7
Unarmed Combat | 4 |  4.0
Dodging        | |  2.0

Action                     |  1- 3 |  4- 6 || total
---------------------------+-------+-------++-------
  Melee: Unarmed           |    27 |     7 ||    34
         Tentacles         |    11 |    19 ||    30
         Constrict         |    11 |    32 ||    43
         Club              |     4 |    72 ||    76
         Punch             |       |     6 ||     6
  Throw: Javelin           |       |     1 ||     1
    Use: Potion            |       |     1 ||     1
   Stab: Sleeping          |     4 |     5 ||     9
         Distracted        |     1 |       ||     1
 Armour: Skin              |    11 |    57 ||    68
  Dodge: Dodged            |    10 |    42 ||    52

Table legend: (Time is in decaauts)
 A = Elapsed time spent in this place.
 B = Non-inter-level travel time spent in this place.
 C = Inter-level travel time spent in this place.
 D = Time resting spent in this place.
 E = Time spent auto-exploring this place.
 F = Levels seen in this place.
 G = Mean time per level.
                   A        B        C        D        E       F      G
               +--------+--------+--------+--------+--------+-----+--------+
         Total |   2820 |   2686 |    134 |    186 |   2058 |   4 |  705.0 |
       Dungeon |   2820 |   2686 |    134 |    186 |   2058 |   4 |  705.0 |
               +--------+--------+--------+--------+--------+-----+--------+

Top non-repeatable levels by time:
     D:1: 1034 daAuts
     D:3: 927 daAuts
     D:2: 768 daAuts
     D:4: 91 daAuts
